Workbook

Sheet Liste de monitoring
B2: Demande | D2: Traitement | F2: Données du client | U2: Partenaire de mise en œuvre | AA2: Mise en œuvre | AC2: Mesure | AF2: ICP
D3: Personne | E3: Statut | F3: Client final | K3: Objet / magasin | N3: Personne de contact | R3: Coordonnées bancaires | AF3: Consommation électrique ancienne installation | AG3: Consommation électrique nouvelle installation | AH3: Économies annuelles | AI3: Économies annuelles | AJ3: Économies imputables sur la durée | AK3: Coûts d’investissement | AL3: Économies dues à la mesure | AM3: Temps de retour | AN3: Montant de la subvention | AO3: Part de subvention
B4: ID | C4: Date | F4: Nom | G4: Rue | H4: Numéro | I4: NPA | J4: Localité | K4: Nom | L4: NPA | M4: Localité | N4: Nom, prénom | O4: Fonction | P4: E-mail | Q4: Téléphone | R4: Titulaire du compte | S4: IBAN | T4: Institution financière | U4: Nom, prénom | V4: Entreprise | W4: NPA | X4: Localité | Y4: E-mail | Z4: Téléphone | AA4: Date | AB4: Statut | AC4: Mesure | AD4: Modèle d’impact | AE4: Respect des conditions de subvention | AF4: kWh/a | AG4: kWh/a | AH4: kWh/a | AI4: % | AJ4: kWh | AK4: CHF | AL4: CHF/a | AM4: a | AN4: CHF | AO4: %
C5: =TODAY() -> 46224 | E5: QS1 bestätigt | F5: ='Informations générales'!C17 -> 0 | G5: ='Informations générales'!C19 -> 0 | H5: ='Informations générales'!C20 -> 0 | I5: ='Informations générales'!C21 -> 0 | J5: ='Informations générales'!C22 -> 0 | N5: ='Informations générales'!C24 -> 0 | P5: ='Informations générales'!C25 -> 0 | Q5: ='Informations générales'!C26 -> 0 | U5: ='Informations générales'!C11 -> 0 | V5: ='Informations générales'!C12 -> 0 | Y5: ='Informations générales'!C13 -> 0 | Z5: ='Informations générales'!C14 -> 0 | AB5: reserviert | AC5: Remplacement du système de peinture | AD5: Modèle d’impact pour installations de peinture | AF5: ='Cabine de Peinture'!D32 -> #DIV/0! | AG5: ='Cabine de Peinture'!F32 -> #DIV/0! | AH5: ='Cabine de Peinture'!C38 -> #DIV/0! | AI5: ='Cabine de Peinture'!C39 -> #DIV/0! | AJ5: =AH5*15*0.75 -> #DIV/0! | AK5: ='Cabine de Peinture'!F35 -> 0 | AL5: ='Cabine de Peinture'!C42 -> #DIV/0! | AM5: ='Cabine de Peinture'!C43 -> #DIV/0! | AN5: ='Cabine de Peinture'!C45 -> #DIV/0! | AO5: ='Cabine de Peinture'!C46 -> #DIV/0!

Sheet Informations générales
B2: #VALUE! | C2: #VALUE!
B5: Modèle d’impact pour le remplacement d’installations chez ColorWatt
B7: Saisies requises
B8: Aucune saisie / Aucun résultat
B10: Détails du consultant commercial
B11: Nom, prénom
B12: Entreprise
B13: E-mail
B14: Numéro de téléphone
B16: Données du client final
B17: Nom de l’entreprise
B18: Adresse de l’entreprise
B19: Rue
... B26: Téléphone
B27: Prix de l’électricité en Rp/kWh | C27: 15
B29: Résumé des mesures
B30: Économies en kWh | C30: ='Cabine de Peinture'!C38 -> #DIV/0!
B31: in % | C31: ='Cabine de Peinture'!C39 -> #DIV/0!
B33: Économies (CHF/an) | C33: ='Cabine de Peinture'!C42 -> #DIV/0!
B34: Coûts totaux d’investissement | C34: ='Cabine de Peinture'!F35 -> 0
B35: Temps de retour (ROI, années) | C35: ='Cabine de Peinture'!C43 -> #DIV/0! | H35: Montant maximal de la subvention
B37: Montant prévisionnel de la subvention | C37: ='Cabine de Peinture'!C45 -> #DIV/0! | H37: =IF(D18<=7.5,40,IF(AND(7.5<D18,D18<=15),(40-15*(D18/7.5-1)),15)) -> 40
B38: en % des coûts d’investissement | C38: ='Cabine de Peinture'!C46 -> #DIV/0!
B41: Conditions de participation
B43: Les mesures invoquées (remplacement d’équipement) ne doivent pas faire partie explicitement d’un accord de cible avec le canton, l’Agence de l’Énergie de l’Économie (EnAW) ou l’Agence des technologies propres Suisse (loi).
B44: Aucun double financement : aucun autre financement du canton ou du gouvernement fédéral ne sera demandé pour les mesures (remplacement d’équipement).
B45: En soumettant la demande, le demandeur confirme qu’il a pris note et respecté les conditions de financement ainsi que les critères d’efficacité applicables.
B46: Date:
B48: E-Mail à:
B49: colorwatt@ebp.ch
B51: Telefon:
B52: +41 44 395 11 97

Sheet Cabine de Peinture
B2: Modèle d’impact pour le remplacement des systèmes de peinture chez ColorWatt
B4: Saisies requises
B5: Aucune saisie / Aucun résultat
B7: Critères d’efficacité
B8: Éclairage : La consommation spécifique d’électricité est inférieure à 33 kWh/m2 (avec une consommation de jour de 0 %).
B9: Ventilateurs : Les ventilateurs ont une puissance de plus de 125 watts. Les ventilateurs sont contrôlés par un convertisseur de fréquence. Le niveau d’efficacité N selon le Règlement (UE) n° 327/2011 correspond aux valeurs suivantes : - Ventilateur axial, catégorie de mesure « A,C », catégorie d’efficacité « statique », niveau d’efficacité N > = 50 - Ventilateur axial, catégorie de mesure « B,D », catégorie d’efficacité « totale », niveau d’efficacité N >= 64 - Ventilateur centrifuge et diagonal, catégorie de mesure « A,C », catégorie d’efficacité « statique », niveau d’efficacité N >= 62 - Ventilateur centrifuge et diagonal, catégorie de mesure « B,D », catégorie d’efficacité « totale », niveau d’efficacité N >= 65
B10: Moteurs électriques : - Moteurs 0,12 kW - 0,75 kW avec classe d’efficacité IE3 ou supérieure - Moteurs 0,75 kW - 1000 kW avec classe d’efficacité IE4 ou supérieure
B11: Récupération de chaleur : La chaleur est récupérée à partir de l'air évacué.
B12: Circuit économique : Un circuit économique est disponible et ajuste la consommation d’énergie en fonction du mode de fonctionnement.
D14: Données ancienne machine | F14: Données nouvelle machine
B15: Modèle précis de l’installation / machine
B16: Puissance système totale [kW]
B17: Valable seulement si aucune information sur la charge connectée de l’ancien système n’est disponible. | D17: Courant nominal [A] | E17: Tension nominale [V]
B19: Puissance utilisée [kW] | D19: =IF(ISBLANK(D16),(SQRT(3)*D18*E18*0.75)/1000,D16) -> 0 | F19: =F16 -> 0
B20: Semaines de fonctionnement/an
B21: Nombre de équipes/jour
B22: Surface traitée (m2/semaine)
B23: Profil de charge | D23: Part en pleine charge | E23: Part du temps | F23: Part en pleine charge | G23: Part du temps
B24: 1
B25: 2
B26: 3
B27: 4
B28: 5
B29: 6
B30: Heures pleine charge | D30: =40*D20*D21 -> 0 | F30: =40*D20*D21 -> 0
B31: Heures de fonctionnement | D31: =D30*E24*D24+D30*E25*D25+D30*E26*D26+D30*E27*D27+D30*D28*E28+D30*D29*E29 -> 0 | F31: =F30*G24*F24+F30*G25*F25+F30*G26*F26+F30*G27*F27+F30*F28*G28+F30*F29*G29 -> 0
B32: Consommation annuelle (kWh) | D32: =D33*D22 -> #DIV/0! | F32: =F33*D22 -> #DIV/0!
B33: Consommation électrique (kWh/m2) | D33: =(D19*D31)/$D22 -> #DIV/0! | F33: =(F19*F31)/$F22 -> #DIV/0!
B35: Coûts totaux d’investissement du nouveau système, installation et TVA, totalisant en CHF En cas d’augmentation de la capacité, réduisez proportionnellement les coûts d’investissement associés.
B37: Résumé de la mesure
B38: Économies (kWh/an) | C38: =D32-F32 -> #DIV/0!
B39: in % | C39: =1-F32/D32 -> #DIV/0!
B40: Taux de subvention (CHF/MWh) | C40: 225
B42: Économies (CHF/an) | C42: =C38*(15/100) -> #DIV/0!
B43: Temps de retour (ROI, années) | C43: =F35/C42 -> #DIV/0! | D43: Ça doit être plus de 4 ans !
B45: Subvention prévisionnelle (CHF) | C45: =IF((C38/1000*C40)>(F35*0.3),(F35*0.3),(C38/1000*C40)) -> #DIV/0!
B46: en % des coûts d’investissement | C46: =C45/F35 -> #DIV/0!
